 Dungeon Crawl Stone Soup version 0.16.0-16-g311141a (webtiles) character file.

687 Leybi the Covered (level 7, 0/63 HPs)
             Began as a Minotaur Fighter on Mar 19, 2015.
             Succumbed to a gnoll sergeant's poison
             ... on level 4 of the Dungeon.
             The game lasted 00:10:26 (3307 turns).

Leybi the Covered (Minotaur Fighter)                Turns: 3307, Time: 00:10:26

Health: 0/63       AC: 11    Str: 23    XL:     7   Next: 35%
Magic:  3/3        EV:  8    Int:  5    God:
Gold:   312        SH: 10    Dex:  9    Spells: 0 memorised, 6 levels left

rFire  . . .     SeeInvis .     a - +0 war axe
rCold  . . .     Clarity  .     b - +0 scale mail
rNeg   . . .     SustAb   .     c - +0 shield
rPois  .         Gourm    .     (helmet restricted)
rElec  .         Spirit   .     z - +0 cloak
rCorr  .         Warding  .     v - +1 pair of gloves
rMut   +         Stasis   .     (no boots)
MR     .....                    f - amulet of resist mutation
Stlth  ..........               (no ring)
                                (no ring)

@: lethally poisoned (0 -> -40), not resistant to hostile enchantments,
extremely unstealthy
A: retaliatory headbutt, horns 2
a: no special abilities


You were on level 4 of the Dungeon.
You were not hungry.

You visited 1 branch of the dungeon, and saw 4 of its levels.

You collected 312 gold pieces.

Inventory:

Hand weapons
 a - a +0 war axe (weapon)
Armour
 b - a +0 scale mail (worn)
 c - a +0 shield (worn)
 v - a +1 pair of gloves (worn)
 z - a +0 cloak (worn)
Jewellery
 f - an amulet of resist mutation (around neck)
Scrolls
 h - 2 scrolls of random uselessness {unknown}
 j - 3 scrolls of teleportation {unknown}
 n - 2 scrolls of remove curse {unknown}
 w - a scroll of identify {unknown}
 y - a scroll of amnesia {unknown}
Potions
 e - a potion of might
 i - a potion of invisibility {unknown}
 k - a potion of lignification {unknown}
 l - a potion of agility {unknown}
 m - a potion of flight {unknown}
 o - 2 potions of heal wounds
 q - a potion of haste {unknown}
 r - a potion of ambrosia {unknown}
 s - a potion of mutation {unknown}
 t - a potion of resistance {unknown}
 u - a potion of curing {unknown}
 x - a potion of brilliance {unknown}
 A - a potion of magic {unknown}
Books
 p - a book of the Warp

   Spells                             Type                      Level
   a - Recall                         Summoning/Translocation      3
   b - Control Teleport               Charms/Translocation         4
   c - Force Lance                    Conjuration/Translocation    4
   d - Phase Shift                    Translocation                5
   e - Warp Weapon                    Charms/Translocation         5
   f - Gell's Gravitas                Hexes/Translocation          5
   g - Summon Forest                  Summoning/Translocation      5
Comestibles
 d - 4 bread rations
 g - 8 fruits


   Skills:
 + Level 6.1 Fighting
 + Level 5.0 Axes
 + Level 6.3 Armour
 - Level 0.2 Dodging
 + Level 5.9 Shields


You had 6 spell levels left.
You didn't know any spells.

Dungeon Overview and Level Annotations

Branches:
Dungeon (4/15)
 Temple: D:4-7

Altars:
Nemelex Xobeh


Innate Abilities, Weirdness & Mutations

You reflexively headbutt those who attack you in melee.
You have a pair of horns on your head.


Message History

You are more poisoned.
Things that are here:
a club; a leather armour
* * * LOW HITPOINT WARNING * * *
You feel very sick.
The gnoll sergeant hits you but does no damage.
You block the gnoll sergeant's attack.
There is an open door, spattered with blood here.
You see here a spear of venom.
You slash the gnoll sergeant! You headbutt the gnoll sergeant.
The gnoll sergeant is severely wounded.
* * * LOW HITPOINT WARNING * * *
You feel very sick.
The gnoll sergeant hits you but does no damage.
You are more poisoned.
You barely miss the gnoll sergeant.
The gnoll sergeant is severely wounded.
You hit the gnoll!
You kill the gnoll!
You die...

#...# ..............
#.).#############''''###
###(#...........#....#).
#.'...........'..))').
#.#...........#....#..
#.####################
#...)..#ggggg...
#...)..#)#gg.....
#.###@##)#gg.....
#.#..)gg$#.......
#.#...)###+######
#+#....+ ######


You could see a gnoll sergeant and a gnoll.

Vanquished Creatures
  Grinder (D:3)
  An ogre (D:4)
  A gnoll shaman (D:4)
  A worker ant (D:4)
  A hound skeleton (D:4)
  3 adders
  22 gnolls
  A giant mite (D:1)
  3 worms
  3 giant geckos
  3 oozes
  4 orcs (D:3)
  6 bats
  5 giant cockroaches
  5 goblins
  7 hobgoblins
  8 jackals
  A quokka (D:3)
  A ball python (D:1)
  10 giant newts
  7 kobolds
  9 rats
103 creatures vanquished.

Notes
Turn   | Place    | Note
--------------------------------------------------------------
     0 | D:1      | Leybi, the Minotaur Fighter, began the quest for the Orb.
     0 | D:1      | Reached XP level 1. HP: 19/19 MP: 1/1
   164 | D:1      | Reached XP level 2. HP: 22/27 MP: 1/1
   165 | D:1      | Reached skill level 4 in Fighting
   851 | D:1      | Reached XP level 3. HP: 31/33 MP: 2/2
   985 | D:2      | Reached XP level 4. HP: 27/41 MP: 2/2
  2072 | D:3      | Noticed Grinder
  2083 | D:3      | Killed Grinder
  2083 | D:3      | Reached skill level 5 in Fighting
  2083 | D:3      | Reached skill level 5 in Armour
  2083 | D:3      | Reached skill level 5 in Shields
  2083 | D:3      | Reached XP level 5. HP: 46/48 MP: 2/2
  2083 | D:3      | Reached XP level 6. HP: 53/56 MP: 3/3
  2925 | D:4      | Found a sparkling altar of Nemelex Xobeh.
  3109 | D:4      | Reached XP level 7. HP: 60/62 MP: 3/3
  3138 | D:4      | Reached skill level 6 in Armour
  3154 | D:4      | Reached skill level 5 in Axes
  3307 | D:4      | Succumbed to a gnoll sergeant's poison

Action                   |  1- 3 |  4- 6 |  7- 9 || total
-------------------------+-------+-------+-------++-------
Melee: War axe           |    78 |   115 |    29 ||   222
  Use: Potion            |       |       |     1 ||     1
  Eat: Chunk             |       |     7 |     1 ||     8
